 Dungeon Crawl Stone Soup version 0.27.0-65-ge2af304b15 (webtiles) character file.

Game seed: 1746225772473001300

14 zdrol the Shield-Bearer (level 2, -1/27 HPs)
             Began as a Minotaur Fighter on Aug 19, 2021.
             Slain by a kobold (3 damage)
             ... on level 1 of the Dungeon.
             The game lasted 00:03:43 (406 turns).

zdrol the Shield-Bearer (Minotaur Fighter)           Turns: 406, Time: 00:03:44

Health: -1/27      AC:  7    Str: 20    XL:     2   Next: 31%
Magic:  1/1        EV:  7    Int:  5    God:
Gold:   52         SH:  9    Dex:  9    Spells: 1/1 levels left

rFire    . . .     SeeInvis .   a - +0 long sword
rCold    . . .     Faith    .   c - +0 kite shield
rNeg     . . .     Spirit   .   b - +0 scale mail
rPois    .         Reflect  .   (helmet restricted)
rElec    .         Harm     .   (no cloak)
rCorr    .         Rampage  .   (no gloves)
Will     .....                  (no boots)
Stlth    ..........             (no amulet)
HPRegen  0.09/turn              (no ring)
MPRegen  0.07/turn              (no ring)

@: lethally poisoned (-1 -> -14)
A: horns 2, retaliatory headbutt
a: no special abilities


You were on level 1 of the Dungeon.
You visited 1 branch of the dungeon, and saw 1 of its levels.

You collected 52 gold pieces.

Inventory:

Hand Weapons
 a - a +0 long sword (weapon)
Armour
 b - a +0 scale mail (worn)
 c - a +0 kite shield (worn)
Potions
 d - a potion of might


   Skills:
 + Level 3.9 Fighting
 + Level 2.5 Long Blades
 + Level 3.9 Armour
 + Level 4.0 Shields


You had one spell level left.
You didn't know any spells.
Your spell library contained the following spells:

 Spells                   Type           Power      Damage    Failure   Level
 Ensorcelled Hibernation  Hex/Ice        0%         N/A       100%        2
 Spider Form              Tmut/Pois      0%         N/A       100%        3
 Shadow Creatures         Summ           N/A        N/A       100%        6


Dungeon Overview and Level Annotations

Branches:
Dungeon (1/15)

Altars:


Innate Abilities, Weirdness & Mutations

You have a pair of horns on your head.
You reflexively headbutt those who attack you in melee.


Message History

You barely miss the frilled lizard. You block the frilled lizard's attack.
The frilled lizard barely misses you.
You riposte.
You completely miss the frilled lizard. You miss the frilled lizard.
Your headbutt misses the frilled lizard.
The frilled lizard bites you but does no damage.
You slash the frilled lizard!
You kill the frilled lizard!
The goblin hits you with a +0 dagger.
You hit the goblin.
You kill the goblin!
The kobold hits you but does no damage.
You are poisoned.
You closely miss the kobold.
You feel sick. The kobold hits you but does no damage.
You are more poisoned.
You closely miss the kobold.
You feel very sick. You block the kobold's attack.
The kobold barely misses you. You furiously retaliate!
You headbutt the kobold.
You riposte.
You barely miss the kobold.
The kobold is moderately wounded.
You closely miss the kobold.
The kobold is moderately wounded.
You feel very sick. The kobold hits you but does no damage.
You are more poisoned.
You hit the kobold.
The kobold is severely wounded.
You feel very sick. You block the kobold's attack.
The kobold hits you with a +2 dagger of venom.
* * * LOW HITPOINT WARNING * * *
You are more poisoned.
You closely miss the kobold.
The kobold is severely wounded.
* * * LOW HITPOINT WARNING * * *
You feel very sick.
The kobold hits you with a +2 dagger of venom.
You die...

#.K........##.#≈≈≈#≈.≈#≈≈≈
#..........##.#≈≈≈#≈.≈#≈≈≈
#..........##.#≈≈≈#.≈≈#≈≈≈
#..........##.#.≈≈≈.≈≈#≈≈≈
#....K.....##.#....≈≈≈≈≈≈≈
######.######.##......≈≈≈≈
#######.## #..###........
#........#####..).#####....
#.......KK@....##.....#####
#........#####.######......
#........# #.# ######.
#........# ##.###### ##
#........# #...(...# ...
#........# #.......# ....
#........# #.......# .....
########## #.......# .....
#.......##.....


You could see 2 kobolds.

Vanquished Creatures
  3 endoplasms (D:1)
  4 goblins (D:1)
  2 hobgoblins (D:1)
  2 frilled lizards (D:1)
  2 rats (D:1)
13 creatures vanquished.

Notes
Turn   | Place    | Note
-------+----------+-------------------------------------------
     0 | D:1      | zdrol the Minotaur Fighter began the quest for the Orb.
     0 | D:1      | Reached XP level 1. HP: 19/19 MP: 0/0
   181 | D:1      | Found a faded altar of an unknown god.
   285 | D:1      | Reached XP level 2. HP: 27/27 MP: 1/1
   286 | D:1      | Reached skill level 4 in Shields
   406 | D:1      | Slain by a kobold

Illustrated notes

Levels and vault maps discovered:
D:1:      dpeg_arrival_water_fire, layout_basic,
          shapermc_ecumenical_altar_acropolis, minmay_pentomino_t2

Skill      XL: |  1  2 |
---------------+-------+-----
Shields        | 4 |  4.0
Fighting       | |  3.9
Long Blades    | |  2.5
Armour         | |  3.9

Action                   || total
-------------------------++-------
Melee: Long sword        ||    31
       Headbutt          ||     4
Armor: Scale mail        ||    17
Dodge: Dodged            ||     8
Block: Kite shield       ||    11
       Rpst.: Long sword ||     3
